 Dungeon Crawl Stone Soup version 0.27.1-33-g824d729ab1 (webtiles) character file.

Game seed: 9928793680564982281

47 Gabide the Poker (level 3, 0/29 HPs)
             Began as a Human Monk on Dec 20, 2021.
             Slain by Natasha (4 damage)
             ... on level 2 of the Dungeon.
             The game lasted 00:02:18 (1580 turns).

Gabide the Poker (Human Monk)                       Turns: 1580, Time: 00:02:18

Health: 0/29       AC:  4    Str: 12    XL:     3   Next: 97%
Magic:  3/3        EV: 13    Int: 10    God:
Gold:   40         SH:  0    Dex: 15    Spells: 2/2 levels left

rFire    . . .     SeeInvis .   a - +0 spear
rCold    . . .     Faith    .   (no shield)
rNeg     + . .     Spirit   .   b - +0 robe
rPois    .         Reflect  .   i - +0 helmet
rElec    .         Harm     .   e - +0 cloak
rCorr    .         Rampage  .   (no gloves)
Will     .....                  (no boots)
Stlth    ++........             (no amulet)
HPRegen  0.09/turn              d - ring of positive energy
MPRegen  0.08/turn              (no ring)

@: no status effects
A: no striking features
a: no special abilities


You were on level 2 of the Dungeon.
You visited 1 branch of the dungeon, and saw 2 of its levels.

You collected 40 gold pieces.

Inventory:

Hand Weapons
 a - a +0 spear (weapon)
Armour
 b - a +0 robe (worn)
 e - a +0 cloak (worn)
 i - a +0 helmet (worn)
Jewellery
 d - a ring of positive energy (left hand)


   Skills:
 + Level 3.4 Fighting
 + Level 3.5 Polearms
 + Level 3.4 Dodging
 + Level 2.4 Stealth


You had 2 spell levels left.
You didn't know any spells.
Your spell library contained the following spells:

 Spells                   Type           Power      Damage    Failure   Level
 Ignite Poison            Fire/Tmut/Pois 0%         N/A       75%         3
 Mephitic Cloud           Conj/Pois/Air  0%         N/A       75%         3
 Bolt of Magma            Conj/Fire/Erth 0%         4d4       100%        5


Dungeon Overview and Level Annotations

Branches:
Dungeon (2/15)

Altars:

Annotations:
D:2 Natasha


Message History

You are too injured to fight recklessly!
You hit Natasha but do no damage.
Natasha is lightly wounded.
Natasha barely misses you.
You feel much better. Natasha claws you.
It was a potion of curing.
You feel better.
Natasha stares at you and mumbles some strange words.
You feel as though you will be slow longer.
Natasha misses you.
You hit Natasha.
Natasha is lightly wounded.
Natasha stares at you and mumbles some strange words.
The magic dart hits you.
You hit Natasha but do no damage.
Natasha is lightly wounded.
Natasha closely misses you. Natasha claws you but does no damage.
You barely miss Natasha.
Natasha is lightly wounded.
Natasha stares at you and mumbles some strange words.
The magic dart hits you.
You closely miss Natasha.
Natasha is lightly wounded.
Natasha claws you. Natasha barely misses you.
You hit Natasha but do no damage.
Natasha is lightly wounded.
Natasha closely misses you.
You barely miss Natasha.
Natasha is lightly wounded.
Natasha claws you but does no damage.
You hit Natasha.
Natasha is heavily wounded.
Natasha stares at you and mumbles some strange words.
The magic dart hits you. Natasha claws you.
* * * LOW HITPOINT WARNING * * *
It was a potion of cancellation.
Your magical effects are unravelling.
You feel magically purged.
You feel yourself speed up. Natasha claws you.
You die...

####### ###..[.?..#
#.@h..# #.#
#.###.###.# #.#
#..##.##.####..
#.###..##.##.#....#
#.........##.#.#...
###.......#.......#
#.##^##.#.......
#.##.##.#.##.#.#
##.##.........#.#


You could see Natasha.

Vanquished Creatures
  An adder (D:2)
  A worm (D:2)
  3 ball pythons (D:1)
  4 endoplasms
  2 goblins
  3 hobgoblins
  2 jackals (D:1)
  3 quokkas (D:1)
  4 bats (D:1)
  4 frilled lizards
  5 kobolds (D:1)
  A rat (D:2)
33 creatures vanquished.

Notes
Turn   | Place    | Note
-------+----------+-------------------------------------------
     0 | D:1      | Gabide the Human Monk began the quest for the Orb.
     0 | D:1      | Reached XP level 1. HP: 18/18 MP: 1/1
   320 | D:1      | Found a faded altar of an unknown god.
   321 | D:1      | Noticed a golden eye
   328 | D:1      | Noticed a shining eye
   331 | D:1      | Noticed an eye of devastation
   331 | D:1      | Noticed an eye of devastation
   375 | D:1      | Reached XP level 2. HP: 17/24 MP: 2/2
   906 | D:1      | Reached XP level 3. HP: 19/29 MP: 3/3
  1366 | D:2      | Noticed Natasha
  1580 | D:2      | Slain by Natasha

Illustrated notes

Levels and vault maps discovered:
D:1:      saegor_arrival_simple_c, layout_basic,
          hellmonk_ecumenical_altar_watching_god, minmay_pentomino_r2
D:2:      layout_loops_cross, uniq_natasha

Action                   || total
-------------------------++-------
Melee: Spear             ||   132
  Use: Scroll            ||     4
       Potion            ||     3
 Stab: Sleeping          ||    10
       Distracted        ||     1
Armor: Robe              ||    15
Dodge: Dodged            ||    49
